General information
- name: BNet
- type: Ladder team game (AT/RT)
- host: Battle.net
- saver: noooooobs
map: TwistedMeadows
- players: 4
- length: 11:36
- speed: Fast
- version: 1.24 W3XP
- replay type: Public
» download(86 KB)
Players
team 1 (loser)
CryBaby (
teal | 140 APM | 1616 actions | 11:30)
3 Archmage
2 Summon Water Elemental
1 Brilliance Aura
2 Mountain King
1 Storm Bolt
1 Thunder Clap
» actions
| Assign group hotkey | 37 | |
| Basic commands | 96 | |
| Build / train | 50 | |
| Enter build submenu | 16 | |
| Enter hero's abilities submenu | 5 | |
| Right click | 508 | |
| Select / deselect | 259 | |
| Select group hotkey | 583 | |
| Use ability | 62 | |
1616 total
» units
| Peasant | 18 | |
| Footman | 12 | |
| Sorceress | 3 | |
| Priest | 1 | |
| Spell Breaker | 1 | |
35 total
» upgrades
» buildings
| Altar of Kings | 2 | |
| Barracks | 1 | |
| Farm | 7 | |
| Arcane Vault | 2 | |
| Keep | 1 | |
| Lumber Mill | 1 | |
| Arcane Sanctum | 2 | |
16 total
» build order
00:04 Altar of Kings
00:06 Altar of Kings
00:19 Barracks
00:33 Farm
00:50 Farm
01:34 Farm
02:59 Farm
03:49 Arcane Vault
03:51 Arcane Vault
04:07 Keep
04:09 Lumber Mill
04:14 Farm
06:35 Arcane Sanctum
06:36 Arcane Sanctum
08:00 Farm
08:40 Farm
» items
| Scroll of Regeneration | 3 | |
| Lesser Clarity Potion | 1 | |
| Potion of Healing | 1 | |
5 total
WeindoCHduMeMMe (
orange | 133 APM | 1544 actions | 11:35)
2 Blademaster
1 Wind Walk
1 Critical Strike
1 Shadow Hunter
1 Hex
» actions
| Assign group hotkey | 19 | |
| Basic commands | 2 | |
| Build / train | 54 | |
| Enter build submenu | 9 | |
| Enter hero's abilities submenu | 3 | |
| Give item / drop item | 1 | |
| Right click | 989 | |
| Select / deselect | 249 | |
| Select group hotkey | 152 | |
| Use ability | 66 | |
1544 total
» units
| Peon | 10 | |
| Grunt | 5 | |
| Raider | 5 | |
| Spirit Walker | 4 | |
24 total
» upgrades
| Ensnare | 1 | |
| Spirit Walker Training | 1 | |
2 total
» buildings
| Altar of Storms | 1 | |
| Orc Burrow | 4 | |
| Barracks | 1 | |
| Voodoo Lounge | 1 | |
| Stronghold | 3 | |
| Spirit Lodge | 1 | |
| Beastiary | 1 | |
12 total
» build order
00:09 Altar of Storms
00:16 Orc Burrow
00:37 Barracks
01:29 Orc Burrow
01:57 Voodoo Lounge
03:03 Stronghold
03:03 Stronghold
04:21 Orc Burrow
06:51 Spirit Lodge
06:54 Beastiary
10:03 Orc Burrow
» items
| Boots of Speed | 2 | |
| Dust of Appearance | 3 | |
| Healing Salve | 3 | |
| Lesser Clarity Potion | 2 | |
| Scroll of Speed | 2 | |
| Potion of Healing | 2 | |
14 total
team 2 (winner)
noooooobs (
yellow | 126 APM | 1461 actions | 11:36)
4 Blademaster
2 Wind Walk
2 Critical Strike
3 Shadow Hunter
1 Hex
2 Healing Wave
» actions
| Assign group hotkey | 25 | |
| Basic commands | 28 | |
| Build / train | 43 | |
| Enter build submenu | 12 | |
| Enter hero's abilities submenu | 7 | |
| Right click | 534 | |
| Select / deselect | 477 | |
| Select group hotkey | 265 | |
| Use ability | 70 | |
1461 total
» units
| Peon | 7 | |
| Grunt | 4 | |
| Spirit Walker | 2 | |
| Raider | 3 | |
| Kodo Beast | 1 | |
17 total
» upgrades
| Berserker Strength | 1 | |
| Ensnare | 1 | |
| Spirit Walker Training | 1 | |
| Pillage | 1 | |
4 total
» buildings
| Altar of Storms | 1 | |
| Orc Burrow | 6 | |
| Voodoo Lounge | 1 | |
| Barracks | 1 | |
| Stronghold | 1 | |
| Beastiary | 1 | |
| Spirit Lodge | 1 | |
| War Mill | 1 | |
13 total
» build order
00:05 Altar of Storms
00:18 Orc Burrow
00:48 Voodoo Lounge
01:26 Barracks
02:15 Orc Burrow
02:59 Stronghold
04:25 Orc Burrow
05:22 Beastiary
05:24 Spirit Lodge
07:23 War Mill
07:24 Orc Burrow
10:52 Orc Burrow
10:52 Orc Burrow
» items
| Healing Salve | 2 | |
| Lesser Clarity Potion | 2 | |
| Boots of Speed | 1 | |
| Dust of Appearance | 2 | |
| Scroll of Speed | 1 | |
| Scroll of Healing | 1 | |
| Potion of Lesser Invulnerability | 1 | |
10 total
XAPALOPITEK (
blue | 142 APM | 1647 actions | 11:35)
3 Death Knight
2 Death Coil
1 Unholy Aura
2 Lich
1 Frost Nova
1 Dark Ritual
2 Naga Sea Witch
1 Frost Arrows
1 Forked Lightning
» actions
| Assign group hotkey | 64 | |
| Basic commands | 161 | |
| Build / train | 65 | |
| ESC pressed | 2 | |
| Enter build submenu | 10 | |
| Enter hero's abilities submenu | 7 | |
| Give item / drop item | 2 | |
| Right click | 702 | |
| Select / deselect | 205 | |
| Select group hotkey | 334 | |
| Use ability | 95 | |
1647 total
» units
| Acolyte | 2 | |
| Ghoul | 3 | |
| Crypt Fiend | 13 | |
| Obsidian Statue | 3 | |
21 total
» upgrades
| Burrow | 1 | |
| Destroyer Form | 1 | |
| Web | 1 | |
3 total
» buildings
| Crypt | 1 | |
| Graveyard | 1 | |
| Altar of Darkness | 1 | |
| Ziggurat | 5 | |
| Tomb of Relics | 1 | |
| Nerubian Tower | 3 | |
| Halls of the Dead | 4 | |
| Black Citadel | 3 | |
| Slaughterhouse | 1 | |
20 total
» build order
00:05 Crypt
00:09 Graveyard
00:29 Altar of Darkness
00:45 Ziggurat
01:12 Tomb of Relics
01:48 Ziggurat
02:20 Nerubian Tower
02:20 Nerubian Tower
03:43 Halls of the Dead
03:43 Halls of the Dead
04:17 Ziggurat
06:10 Black Citadel
06:10 Black Citadel
06:10 Black Citadel
07:14 Slaughterhouse
07:44 Ziggurat
09:07 Ziggurat
» items
| Rod of Necromancy | 4 | |
| Dust of Appearance | 4 | |
8 total
Chat log
(00:09 / All) CryBaby: gg/hf
(01:21 / Allies) noooooobs: hopefully human
(01:23 / Allies) noooooobs: then i harras
(01:40 / Allies) XAPALOPITEK: hum
(01:42 / Allies) noooooobs: shit
(02:25 / Allies) XAPALOPITEK: kk
(02:31 / Allies) noooooobs: i go
(02:34 / Allies) XAPALOPITEK: k
(03:04 / Allies) noooooobs: almost 2
(03:10 / Allies) XAPALOPITEK: kk
(03:40 / Allies) noooooobs: come
(04:50 / Allies) noooooobs: attack
(05:56 / Allies) noooooobs: am
(06:45 / Allies) XAPALOPITEK: wood
(06:52 / Allies) noooooobs: go
(06:53 / Allies) noooooobs: ?
(06:54 / Allies) noooooobs: is win i think
(06:58 / Allies) XAPALOPITEK: go
(07:02 / Allies) XAPALOPITEK: 3 lvl dk
(07:04 / Allies) noooooobs: bm too
(11:29 / All) CryBaby: gg
(11:31 / All) noooooobs: gg
(11:34 / All) WeindoCHduMeMMe: gg